[Event "Olympiad Women 2024"]
[Site "Budapest HUN"]
[Date "2024.09.18"]
[Round "7.1"]
[White "Dronavalli, Harika"]
[Black "Dzagnidze, Nana"]
[Result "1/2-1/2"]
[WhiteElo "2502"]
[BlackElo "2508"]
[ECO "D38"]
[Opening "QGD"]
[Variation "Ragozin variation"]
[TimeControl "40/5400+30:1800+30"]
[EventDate "2024.09.11"]
[Board "1"]
[WhiteFideId "5015197"]
[BlackFideId "13601903"]
[WhiteTeam "India"]
[BlackTeam "Georgia"]

1. d4 Nf6 2. c4 e6 3. Nc3 Bb4 4. Nf3 d5 5. Qa4+ Nc6 6. e3 O-O 7. Qc2 dxc4
8. Bxc4 Bd6 9. O-O e5 10. h3 a6 11. a3 b5 12. Bd3 Bb7 13. Ne4 h6 14. Bd2
Re8 15. Rfe1 exd4 16. exd4 Be7 17. Nc5 Bxc5 18. Qxc5 Qd6 19. Qxd6 cxd6 20.
Bf4 Rxe1+ 21. Rxe1 Rd8 22. Kf1 Kf8 23. Bd2 Ne7 24. Nh4 Bd5 25. Kg1 Ne8 26.
Nf5 Nc6 27. Rc1 Ne7 28. Nxe7 Kxe7 29. Ba5 Ra8 30. f3 Kd7 31. Kf2 Rc8 32.
Rxc8 Kxc8 33. g4 Kd7 34. h4 Nf6 35. Bc3 h5 36. g5 Ng8 37. f4 Ne7 38. f5 g6
39. f6 Nf5 40. Bxf5+ gxf5 41. Ke3 Ke6 42. Kf4 Bb3 43. Ba5 Bc4 44. Bd8 Bb3
45. Be7 a5 46. Bd8 a4 47. Ba5 Ba2 48. Bb4 Bb3 49. Be1 Ba2 50. Bg3 d5 51.
Ke3 f4+ 52. Kxf4 Bb1 53. Ke3 Kf5 54. Kd2 Kg6 55. Kc3 Ba2 56. Kb4 Bc4 57.
Kc5 Kf5 58. Kd6 Kg6 59. Ke5 1/2-1/2

[Event "Olympiad Women 2024"]
[Site "Budapest HUN"]
[Date "2024.09.18"]
[Round "7.1"]
[White "Javakhishvili, Lela"]
[Black "Vaishali, Rameshbabu"]
[Result "0-1"]
[WhiteElo "2446"]
[BlackElo "2498"]
[ECO "D85"]
[Opening "Gruenfeld"]
[Variation "exchange variation"]
[TimeControl "40/5400+30:1800+30"]
[EventDate "2024.09.11"]
[Board "2"]
[WhiteFideId "13601458"]
[BlackFideId "5091756"]
[WhiteTeam "Georgia"]
[BlackTeam "India"]

1. d4 Nf6 2. c4 g6 3. Nc3 d5 4. cxd5 Nxd5 5. Bd2 Bg7 6. e4 Nxc3 7. Bxc3 O-O
8. Qd2 c5 9. d5 e6 10. Bc4 Qh4 11. Qe3 Bd4 12. Nf3 Bxe3 13. Nxh4 exd5 14.
Bxd5 Bh6 15. O-O Na6 16. Rad1 Nc7 17. Bb3 Bg4 18. Nf3 Bg7 19. Rc1 Bxf3 20.
gxf3 b6 21. Bc4 Rad8 22. Rfd1 Bxc3 23. bxc3 Kg7 24. Kg2 b5 25. Bf1 c4 26.
a4 a6 27. Rb1 f5 28. exf5 Rxd1 29. Rxd1 Rxf5 30. Rd7+ Rf7 31. Rd6 Rf6 32.
Rd7+ Rf7 33. Rd6 Kf8 34. Kg3 Ke7 35. Rb6 Rf6 36. Rb8 Rd6 37. Rb7 Kd7 38.
Rb8 Rd3 39. Rb6 Rd6 40. Bh3+ Ke7 41. Rb7 Rc6 42. a5 Kd6 43. f4 b4 44. Rxb4
Nd5 45. Rb2 Nxc3 46. Bg2 Rc5 47. Rb6+ Ke7 48. Rxa6 Ne2+ 49. Kg4 h5+ 50. Kh4
c3 51. Be4 Nxf4 52. Kg3 Ne6 53. Bc2 Rg5+ 54. Kf3 Nd4+ 55. Kf4 Rg4+ 56. Ke5
Nxc2 57. Rc6 Rg5+ 58. Ke4 Rxa5 59. Rxg6 Nb4 60. Rg7+ Kd6 61. Rg6+ Kc5 0-1

[Event "Olympiad Women 2024"]
[Site "Budapest HUN"]
[Date "2024.09.18"]
[Round "7.1"]
[White "Divya, Deshmukh"]
[Black "Batsiashvili, Nino"]
[Result "1/2-1/2"]
[WhiteElo "2483"]
[BlackElo "2461"]
[ECO "C88"]
[Opening "Ruy Lopez"]
[Variation "closed, 7...O-O"]
[TimeControl "40/5400+30:1800+30"]
[EventDate "2024.09.11"]
[Board "3"]
[WhiteFideId "35006916"]
[BlackFideId "13602993"]
[WhiteTeam "India"]
[BlackTeam "Georgia"]

1. e4 e5 2. Nf3 Nc6 3. Bb5 a6 4. Ba4 Nf6 5. O-O Be7 6. Re1 b5 7. Bb3 O-O 8.
h3 Bb7 9. d3 d6 10. a3 Nb8 11. Nc3 Nbd7 12. Ba2 h6 13. b4 Re8 14. Bb2 Bf8
15. Nh2 c6 16. Qf3 a5 17. Ng4 Qe7 18. Ne2 axb4 19. axb4 d5 20. Bc3 Nxg4 21.
hxg4 Qf6 22. Qxf6 Nxf6 23. f3 d4 24. Bd2 Ra6 25. Bb3 Rea8 26. Rxa6 Rxa6 27.
f4 Nxg4 28. fxe5 Nxe5 29. Rf1 Bc8 30. Nxd4 c5 1/2-1/2

[Event "Olympiad Women 2024"]
[Site "Budapest HUN"]
[Date "2024.09.18"]
[Round "7.1"]
[White "Khotenashvili, Bella"]
[Black "Vantika, Agrawal"]
[Result "0-1"]
[WhiteElo "2432"]
[BlackElo "2370"]
[ECO "E24"]
[Opening "Nimzo-Indian"]
[Variation "Saemisch variation"]
[TimeControl "40/5400+30:1800+30"]
[EventDate "2024.09.11"]
[Board "4"]
[WhiteFideId "13602640"]
[BlackFideId "25050389"]
[WhiteTeam "Georgia"]
[BlackTeam "India"]

1. d4 Nf6 2. c4 e6 3. Nc3 Bb4 4. a3 Bxc3+ 5. bxc3 Nc6 6. f3 b6 7. e4 Na5 8.
Bg5 h6 9. Bh4 g5 10. Bf2 d6 11. h4 Rg8 12. hxg5 hxg5 13. Bd3 Ba6 14. Ne2
Qe7 15. c5 Bxd3 16. Qxd3 dxc5 17. dxc5 Nd7 18. cxb6 axb6 19. Nd4 c6 20. a4
Ne5 21. Qe2 c5 22. Qb5+ Qd7 23. Rh7 Qxb5 24. Nxb5 Ke7 25. Ke2 Nac4 26. g3
Rgd8 27. Ra2 Kf6 28. Rh6+ Kg7 29. Rh1 Rd7 30. f4 Ng4 31. Rh5 f6 32. e5 Kg6
33. Rh1 fxe5 34. fxg5 Kxg5 35. Be1 e4 36. Rh4 e3 37. Kf3 Rf8+ 38. Ke2 Rfd8
39. Kf3 Nd2+ 40. Kg2 Nc4 41. Kf3 Nce5+ 42. Ke2 Nd3 43. Ra1 Nxe1 44. Rxe1
Rf8 45. Rxg4+ Kxg4 46. Kxe3 Rf5 0-1

[Event "Olympiad Women 2024"]
[Site "Budapest HUN"]
[Date "2024.09.18"]
[Round "7.2"]
[White "Theissl Pokorna, Regina"]
[Black "Gaal, Zsoka"]
[Result "0-1"]
[WhiteElo "2302"]
[BlackElo "2385"]
[ECO "B14"]
[Opening "Caro-Kann"]
[Variation "Panov-Botvinnik attack, 5...g6"]
[TimeControl "40/5400+30:1800+30"]
[EventDate "2024.09.11"]
[Board "1"]
[WhiteFideId "14902052"]
[BlackFideId "777765"]
[WhiteTeam "Austria"]
[BlackTeam "Hungary"]

1. e4 c6 2. d4 d5 3. exd5 cxd5 4. c4 Nf6 5. Nc3 g6 6. cxd5 Nxd5 7. Nf3 Bg7
8. h3 O-O 9. Be2 Nc6 10. O-O b6 11. Re1 Bb7 12. Bc4 e6 13. Bg5 Nxc3 14.
bxc3 Qc7 15. Rc1 Na5 16. Bf1 Bd5 17. Nd2 Nc4 18. Nxc4 Bxc4 19. Bxc4 Qxc4
20. Qd2 Rac8 21. h4 h5 22. a3 Qb3 23. Re3 Qxa3 24. c4 Qd6 25. Rd3 Rfe8 26.
Qe3 Qc6 27. Ra3 Rc7 28. c5 Qd5 29. Qg3 e5 30. Be3 Rec8 31. dxe5 Bxe5 32.
Qg5 Qe6 33. Ra6 Qf5 34. Qxf5 gxf5 35. Rd1 bxc5 36. Rd5 f6 37. f4 Bc3 38.
Rxf5 c4 39. Rxh5 Re7 40. Kf2 Bb2 41. Rxa7 Rxa7 42. Bxa7 c3 43. Bd4 Rc4 44.
Bxc3 Rxc3 45. Rf5 Kf7 46. g4 Rb3 47. h5 Ke6 48. Kg2 Bd4 49. Ra5 Be3 50. Rf5
Bd2 51. Kf2 Be3+ 52. Kg2 Bc1 53. Kf2 Bd2 54. Ke2 Rb2 55. Kf3 Be1 56. Rc5
Rb3+ 57. Ke4 Rb4+ 58. Kf3 Rb3+ 59. Ke4 Bd2 60. Rc6+ Ke7 61. Rc4 Rb5 62. Rd4
Ba5 63. Rd5 Rb4+ 64. Rd4 f5+ 65. gxf5 Rb1 66. f6+ Ke6 67. Kf3 Rh1 68. Kg4
Rg1+ 69. Kf3 Bc3 70. Rc4 Bxf6 71. Rc6+ Kf7 72. Ke4 Rh1 73. Rc5 Be7 74. Rf5+
Ke6 75. Re5+ Kd7 76. Ra5 Bd6 77. Rg5 Be7 78. Rb5 Rh4 79. Kf3 Bd6 80. Rf5
Ke6 81. Kg3 Rh1 82. Rg5 Rg1+ 83. Kh3 Rf1 84. Rg6+ Ke7 85. h6 Bxf4 86. Kg2
Rd1 87. h7 Rd2+ 88. Kf3 Be5 89. Rh6 Bh8 90. Ke4 Kf7 91. Rh3 Kg6 92. Rh1
Rd4+ 93. Kf3 Rd8 94. Ke4 Bg7 95. Rh3 Bh6 96. Rg3+ Kxh7 97. Kf5 Bg7 98. Rh3+
Kg8 99. Ke6 Rd4 100. Rf3 Re4+ 101. Kd5 Re1 102. Kd6 Bb2 103. Kd5 Kg7 104.
Kd6 Bf6 105. Kd5 Kf7 106. Rb3 Rd1+ 107. Kc5 Ke6 108. Re3+ Be5 109. Rh3 Rc1+
110. Kb5 Kd5 111. Rh5 Rc5+ 112. Ka6 Kc6 113. Rg5 Rd5 114. Rh5 Rd8 115. Ka5
Bd6 116. Ka4 Rb8 117. Rb5 Rh8 118. Rg5 Rh3 0-1

[Event "Olympiad Women 2024"]
[Site "Budapest HUN"]
[Date "2024.09.18"]
[Round "7.2"]
[White "Hoang, Thanh Trang"]
[Black "Newrkla, Katharina"]
[Result "1-0"]
[WhiteElo "2351"]
[BlackElo "2208"]
[ECO "A49"]
[Opening "King's Indian"]
[Variation "fianchetto without c4"]
[TimeControl "40/5400+30:1800+30"]
[EventDate "2024.09.11"]
[Board "2"]
[WhiteFideId "12400149"]
[BlackFideId "1621629"]
[WhiteTeam "Hungary"]
[BlackTeam "Austria"]

1. d4 Nf6 2. Nf3 g6 3. g3 Bg7 4. Bg2 O-O 5. O-O d6 6. a4 Nc6 7. a5 e5 8.
dxe5 dxe5 9. Qxd8 Rxd8 10. Nc3 a6 11. Ne1 Be6 12. Bg5 h6 13. Bxf6 Bxf6 14.
Nd3 Be7 15. Bxc6 bxc6 16. Nxe5 Rd2 17. Nxc6 Bd6 18. Rac1 Bf5 19. Rfd1 Rxc2
20. Rxc2 Bxc2 21. Rc1 Bf5 22. Nd5 Kf8 23. f3 Be6 24. e4 Kg7 25. Kf2 h5 26.
Nf4 Bd7 27. e5 Bf8 28. Nd5 Bxc6 29. Rxc6 Rb8 30. Rxc7 Rxb2+ 31. Ke3 Rb1 32.
Ke2 Rb5 33. Rd7 Kh6 34. f4 Rxa5 35. Rxf7 Rxd5 36. Rxf8 Kg7 37. Ra8 Ra5 38.
Ra7+ Kf8 39. Ke3 Ra4 40. e6 a5 41. h3 Ra3+ 42. Ke4 Rxg3 43. Ke5 Rf3 44. h4
Rf1 45. Rxa5 Ke7 46. Ra7+ Kf8 47. Rf7+ Kg8 48. f5 gxf5 49. Kf6 Ra1 50. Rg7+
Kh8 51. e7 1-0

[Event "Olympiad Women 2024"]
[Site "Budapest HUN"]
[Date "2024.09.18"]
[Round "7.2"]
[White "Schloffer, Jasmin-Denise"]
[Black "Terbe, Julianna"]
[Result "1/2-1/2"]
[WhiteElo "2168"]
[BlackElo "2245"]
[ECO "D31"]
[Opening "QGD"]
[Variation "semi-Slav"]
[TimeControl "40/5400+30:1800+30"]
[EventDate "2024.09.11"]
[Board "3"]
[WhiteFideId "1631209"]
[BlackFideId "708780"]
[WhiteTeam "Austria"]
[BlackTeam "Hungary"]

1. d4 d5 2. c4 e6 3. Nc3 c6 4. e3 Bd6 5. Nf3 f5 6. Ne5 Nf6 7. Be2 O-O 8.
O-O Nbd7 9. f4 Ne4 10. Nxe4 fxe4 11. c5 Be7 12. b4 Nxe5 13. fxe5 Bd7 14.
Bd2 Rxf1+ 15. Qxf1 a6 16. a4 Bg5 17. Qb1 Qe8 18. Qb3 Qg6 19. Rf1 Qh6 20. a5
Rf8 21. Rxf8+ Kxf8 22. Qc3 Qg6 23. Qc1 Qf7 24. Qf1 Qxf1+ 25. Kxf1 g6 26.
Kf2 Bh4+ 27. g3 Bg5 28. Bg4 Kf7 29. Ke2 Be7 30. Kf2 Bg5 31. Ke2 1/2-1/2

[Event "Olympiad Women 2024"]
[Site "Budapest HUN"]
[Date "2024.09.18"]
[Round "7.2"]
[White "Lazarne Vajda, Szidonia"]
[Black "Hapala, Elisabeth"]
[Result "1/2-1/2"]
[WhiteElo "2283"]
[BlackElo "2113"]
[ECO "B40"]
[Opening "Sicilian defence"]
[TimeControl "40/5400+30:1800+30"]
[EventDate "2024.09.11"]
[Board "4"]
[WhiteFideId "723894"]
[BlackFideId "1622080"]
[WhiteTeam "Hungary"]
[BlackTeam "Austria"]

1. e4 c5 2. Nf3 e6 3. c3 Nf6 4. e5 Nd5 5. a3 b6 6. d4 cxd4 7. Nxd4 a6 8.
Nd2 Qc7 9. N2f3 Bb7 10. Bd3 Nc6 11. Nxc6 Bxc6 12. O-O f5 13. exf6 Nxf6 14.
Nd4 Bb7 15. Bg5 Be7 16. Qe2 O-O 17. Rad1 Bd6 18. g3 e5 19. Nf5 Bc5 20. Bxf6
Rxf6 21. Qg4 g6 22. b4 Bf8 23. Qc4+ Qxc4 24. Bxc4+ Kh8 25. Ne3 Bc6 26. Bd5
Rc8 27. Bxc6 Rfxc6 28. Rxd7 Rxc3 29. Nd5 Rxa3 30. Rd1 Bg7 31. Nxb6 Rf8 32.
Ra7 e4 33. Rdd7 Be5 34. Nc4 Ra1+ 35. Kg2 Bc3 36. Ne3 h5 37. Rac7 Be5 38.
Rc5 Bg7 39. Rcc7 Be5 40. Rc5 Bg7 41. Ra5 Rxa5 42. bxa5 Bc3 43. Rd5 Be1 44.
Nd1 Rf5 45. Rd6 Rxa5 46. Rxg6 Kh7 47. Re6 Ra1 48. Nb2 Ra2 49. Rxe4 Bxf2 50.
Kxf2 Rxb2+ 51. Kf3 Rxh2 52. Ra4 Kg6 53. Rxa6+ Kg5 1/2-1/2

[Event "Olympiad Women 2024"]
[Site "Budapest HUN"]
[Date "2024.09.18"]
[Round "7.3"]
[White "Osmak, Yuliia"]
[Black "Kashlinskaya, Alina"]
[Result "0-1"]
[WhiteElo "2471"]
[BlackElo "2490"]
[ECO "E04"]
[Opening "Catalan"]
[Variation "open, 5.Nf3"]
[TimeControl "40/5400+30:1800+30"]
[EventDate "2024.09.11"]
[Board "1"]
[WhiteFideId "14101602"]
[BlackFideId "4198026"]
[WhiteTeam "Ukraine"]
[BlackTeam "Poland"]

1. d4 Nf6 2. c4 e6 3. Nf3 d5 4. g3 dxc4 5. Bg2 a6 6. a4 Nc6 7. O-O Rb8 8.
Nc3 Bb4 9. Re1 O-O 10. e4 Na5 11. Bf4 Nb3 12. Rb1 b5 13. Qc2 Bb7 14. Rbd1
h6 15. axb5 axb5 16. Re2 Bxc3 17. bxc3 Ra8 18. Ne5 Ra6 19. h4 Qa8 20. g4
Ra1 21. Rxa1 Qxa1+ 22. Kh2 c5 23. d5 exd5 24. exd5 Nxd5 25. Bd2 Nb4 26.
cxb4 Bxg2 27. Re1 Qa8 28. bxc5 Be4 29. Rxe4 Nxd2 30. Rf4 Qb8 31. Qf5 Qc7
32. Nd7 Nf3+ 33. Kh3 Nxh4 34. Kxh4 g6 35. Nf6+ Kh8 36. Nd5 Qxf4 37. Qxf4
g5+ 38. Qxg5 hxg5+ 39. Kxg5 Rc8 40. Kf6 Rxc5 0-1

[Event "Olympiad Women 2024"]
[Site "Budapest HUN"]
[Date "2024.09.18"]
[Round "7.3"]
[White "Socko, Monika"]
[Black "Ushenina, Anna"]
[Result "1/2-1/2"]
[WhiteElo "2422"]
[BlackElo "2417"]
[ECO "C43"]
[Opening "Petrov"]
[Variation "modern attack, Symmetrical variation"]
[TimeControl "40/5400+30:1800+30"]
[EventDate "2024.09.11"]
[Board "2"]
[WhiteFideId "1106619"]
[BlackFideId "14110911"]
[WhiteTeam "Poland"]
[BlackTeam "Ukraine"]

1. e4 e5 2. Nf3 Nf6 3. d4 Nxe4 4. Bd3 d5 5. Nxe5 Nd7 6. Nxd7 Bxd7 7. O-O
Be7 8. Nc3 Nf6 9. Bg5 c6 10. Qd2 O-O 11. Rae1 Re8 12. h3 Nh5 13. Bxe7 Rxe7
14. Be2 Nf6 15. Bd3 Nh5 16. Be2 Nf6 17. Bd3 Nh5 1/2-1/2

[Event "Olympiad Women 2024"]
[Site "Budapest HUN"]
[Date "2024.09.18"]
[Round "7.3"]
[White "Buksa, Nataliya"]
[Black "Kiolbasa, Oliwia"]
[Result "1-0"]
[WhiteElo "2387"]
[BlackElo "2348"]
[ECO "C50"]
[Opening "King's pawn game"]
[TimeControl "40/5400+30:1800+30"]
[EventDate "2024.09.11"]
[Board "3"]
[WhiteFideId "14123622"]
[BlackFideId "1154613"]
[WhiteTeam "Ukraine"]
[BlackTeam "Poland"]

1. e4 e5 2. Nf3 Nc6 3. Bc4 d6 4. a4 Be6 5. Bxe6 fxe6 6. d4 exd4 7. Nxd4
Nxd4 8. Qxd4 Nf6 9. Nc3 Be7 10. e5 dxe5 11. Qxe5 Qd6 12. Bf4 O-O 13. O-O
Rad8 14. Rad1 Qxe5 15. Bxe5 c6 16. Rfe1 Rxd1 17. Rxd1 Rd8 18. Rxd8+ Bxd8
19. Kf1 Kf7 20. Ke2 a6 21. Kd3 b5 22. b3 Bb6 23. f3 Nd7 24. Bd6 e5 25. Ne4
Ke6 26. Ba3 h6 27. c4 bxa4 28. bxa4 Bd4 29. Bb4 Nb6 30. Bc5 Bxc5 31. Nxc5+
Kd6 32. Ne4+ Ke6 33. Nc5+ Kd6 34. Ne4+ Ke6 35. a5 Nd7 36. h4 c5 37. g4 Ke7
38. h5 Ke6 39. Ke3 Ke7 40. Kd3 Ke6 41. Ke3 Ke7 42. Kf2 Ke6 43. Kg3 Ke7 44.
Kh3 Kf7 45. Kh4 Ke6 46. Kg3 Ke7 47. g5 Kf7 48. Kh3 Ke7 49. Kh4 Kf7 50. Kg4
Ke6 51. Ng3 e4 52. Nxe4 Ne5+ 53. Kf4 Nxc4 54. Nxc5+ Kf7 55. Nb7 Ke6 56.
gxh6 gxh6 57. Ke4 Nd2+ 58. Ke3 Nb3 59. Ke4 Nd2+ 60. Kf4 Nb3 61. Nd8+ Ke7
62. Nc6+ Kd6 63. Ne5 Nxa5 64. Nf7+ Ke6 65. Nxh6 Nc4 66. Kg5 Nd2 67. f4 Nf3+
68. Kg6 a5 69. Nf5 a4 70. h6 a3 71. h7 Ne5+ 72. fxe5 a2 73. Nd4+ 1-0

[Event "Olympiad Women 2024"]
[Site "Budapest HUN"]
[Date "2024.09.18"]
[Round "7.3"]
[White "Sliwicka, Alicja"]
[Black "Gaponenko, Inna"]
[Result "1/2-1/2"]
[WhiteElo "2373"]
[BlackElo "2324"]
[ECO "B40"]
[Opening "Sicilian"]
[Variation "Anderssen variation"]
[TimeControl "40/5400+30:1800+30"]
[EventDate "2024.09.11"]
[Board "4"]
[WhiteFideId "1150677"]
[BlackFideId "14101181"]
[WhiteTeam "Poland"]
[BlackTeam "Ukraine"]

1. e4 c5 2. Nf3 e6 3. d4 cxd4 4. Nxd4 Nf6 5. Nc3 Nc6 6. a3 d5 7. Bb5 Bd7 8.
exd5 exd5 9. O-O Be7 10. Bf4 O-O 11. Be2 a6 12. Bf3 Nxd4 13. Qxd4 Be6 14.
Rad1 Rc8 15. Rd3 Rc6 16. Qe3 Qb6 17. Be5 Qxe3 18. fxe3 Rfc8 19. Rfd1 b5 20.
h3 Kf8 21. Rf1 h5 22. Bxf6 Bxf6 23. Nxd5 Bxd5 24. Bxd5 Rxc2 25. b3 R8c3 26.
Rxc3 Rxc3 27. Rf3 Rd3 28. e4 Rxf3 29. gxf3 Bb2 30. a4 bxa4 31. bxa4 g5 32.
a5 Bc3 33. Bc4 1/2-1/2

[Event "Olympiad Women 2024"]
[Site "Budapest HUN"]
[Date "2024.09.18"]
[Round "7.4"]
[White "Mammadzada, Gunay"]
[Black "Assaubayeva, Bibisara"]
[Result "1/2-1/2"]
[WhiteElo "2433"]
[BlackElo "2482"]
[ECO "E06"]
[Opening "Catalan"]
[Variation "closed, 5.Nf3"]
[TimeControl "40/5400+30:1800+30"]
[EventDate "2024.09.11"]
[Board "1"]
[WhiteFideId "13403729"]
[BlackFideId "13708694"]
[WhiteTeam "Azerbaijan"]
[BlackTeam "Kazakhstan"]

1. d4 Nf6 2. Nf3 d5 3. c4 e6 4. g3 Be7 5. Bg2 O-O 6. O-O dxc4 7. Qc2 a6 8.
a4 Nc6 9. Qxc4 Na5 10. Qc2 Nc6 11. Qc4 Na5 12. Qc2 Nc6 13. Qc4 1/2-1/2

[Event "Olympiad Women 2024"]
[Site "Budapest HUN"]
[Date "2024.09.18"]
[Round "7.4"]
[White "Kamalidenova, Meruert"]
[Black "Fataliyeva, Ulviyya"]
[Result "1-0"]
[WhiteElo "2352"]
[BlackElo "2378"]
[ECO "C84"]
[Opening "Ruy Lopez"]
[Variation "closed defence"]
[TimeControl "40/5400+30:1800+30"]
[EventDate "2024.09.11"]
[Board "2"]
[WhiteFideId "13712802"]
[BlackFideId "13403052"]
[WhiteTeam "Kazakhstan"]
[BlackTeam "Azerbaijan"]

1. e4 e5 2. Nf3 Nc6 3. Bb5 a6 4. Ba4 Nf6 5. O-O Be7 6. d3 b5 7. Bb3 d6 8.
c3 O-O 9. a4 Bd7 10. Bc2 h6 11. Re1 Re8 12. Nbd2 Bf8 13. h3 Rb8 14. Nf1 b4
15. d4 bxc3 16. bxc3 exd4 17. cxd4 Nb4 18. Ng3 Nxc2 19. Qxc2 d5 20. e5 Ne4
21. Nxe4 Bf5 22. Nf6+ Qxf6 23. Qd2 Qb6 24. Ba3 Be4 25. Bxf8 Bxf3 26. Ra3
Rxf8 27. Rxf3 Qb4 28. Rc3 Rfc8 29. e6 fxe6 30. Rxe6 c5 31. Qe1 Qxd4 32. Rg3
Rf8 33. Rg4 Qb2 34. Qe3 Rb7 35. Qxc5 Rbf7 36. Rxh6 Qxf2+ 37. Qxf2 Rxf2 38.
Rxa6 Rf1+ 39. Kh2 R1f6 40. Rxf6 Rxf6 41. Kg3 Ra6 42. Rf4 Kh7 43. Kf3 g5 44.
Rg4 Kh6 45. Ke3 Kg6 46. Kd3 Kf5 47. Kc3 Ke5 48. Rxg5+ Ke4 49. Kd2 Rb6 50.
Rg4+ Ke5 51. Kc3 Rb1 52. Kc2 Ra1 53. Kb2 Rf1 54. a5 d4 55. a6 Rf2+ 56. Kb3
Rf6 57. Rg5+ Ke4 58. Ra5 Rb6+ 59. Kc4 Rb8 60. a7 Ra8 61. Ra1 d3 62. Kc3 Kd5
63. h4 1-0

[Event "Olympiad Women 2024"]
[Site "Budapest HUN"]
[Date "2024.09.18"]
[Round "7.4"]
[White "Beydullayeva, Govhar"]
[Black "Balabayeva, Xeniya"]
[Result "1/2-1/2"]
[WhiteElo "2395"]
[BlackElo "2335"]
[ECO "D43"]
[Opening "QGD semi-Slav"]
[TimeControl "40/5400+30:1800+30"]
[EventDate "2024.09.11"]
[Board "3"]
[WhiteFideId "13413015"]
[BlackFideId "13719688"]
[WhiteTeam "Azerbaijan"]
[BlackTeam "Kazakhstan"]

1. d4 d5 2. c4 e6 3. Nf3 Nf6 4. Nc3 c6 5. Bg5 Nbd7 6. cxd5 exd5 7. e3 h6 8.
Bh4 Be7 9. Qc2 O-O 10. Bd3 Re8 11. O-O Ne4 12. Bxe4 Bxh4 13. Bh7+ Kh8 14.
Nxh4 Qxh4 15. Bd3 Qe7 16. Rae1 Nf6 17. f3 Bd7 18. Qf2 c5 19. Qh4 Qd6 20.
dxc5 Qxc5 21. Qd4 b6 22. Kf2 Rec8 23. g4 Qxd4 24. exd4 Be6 25. h4 Kg8 26.
Kg3 a6 27. Ne2 Rc6 28. Nf4 b5 29. Rf2 Ne8 30. Rfe2 Nc7 31. g5 Kf8 32. Rc2
Rxc2 33. Bxc2 hxg5 34. hxg5 Ke7 35. Rh1 Rc8 36. Rh7 Ne8 37. Bb3 Nd6 38.
Nxd5+ Bxd5 39. Bxd5 Rc2 40. g6 Nf5+ 41. Kf4 fxg6 42. Be4 Rxb2 43. Bxf5 gxf5
44. Rxg7+ Kf6 45. Rb7 Rxa2 46. Rb6+ Ke7 47. Ke5 1/2-1/2

[Event "Olympiad Women 2024"]
[Site "Budapest HUN"]
[Date "2024.09.18"]
[Round "7.4"]
[White "Nurman, Alua"]
[Black "Mammadova, Gulnar"]
[Result "1-0"]
[WhiteElo "2324"]
[BlackElo "2336"]
[ECO "C88"]
[Opening "Ruy Lopez"]
[Variation "closed, anti-Marshall 8.a4"]
[TimeControl "40/5400+30:1800+30"]
[EventDate "2024.09.11"]
[Board "4"]
[WhiteFideId "13729390"]
[BlackFideId "13403508"]
[WhiteTeam "Kazakhstan"]
[BlackTeam "Azerbaijan"]

1. e4 e5 2. Nf3 Nc6 3. Bb5 a6 4. Ba4 Nf6 5. O-O Be7 6. Re1 b5 7. Bb3 O-O 8.
a4 d5 9. axb5 dxe4 10. bxc6 exf3 11. Qxf3 e4 12. Qe2 Re8 13. h3 Bd6 14. Nc3
Re5 15. Ra4 Bxh3 16. Nxe4 Bg4 17. Qc4 Nd5 18. d4 Rh5 19. Bg5 Bh2+ 20. Kf1
Bf4 21. f3 Bxg5 22. Qxd5 Qxd5 23. Bxd5 Bh4 24. Bxf7+ Kxf7 25. fxg4 Rh6 26.
g3 Be7 27. d5 Rd8 28. c4 Rh1+ 29. Ke2 Rh2+ 30. Kd3 Rxb2 31. Rxa6 Rb3+ 32.
Kd4 Ba3 33. Rxa3 Rxa3 34. d6 Ra6 35. Kd5 h6 36. d7 Ra5+ 37. c5 Rb8 38. Nd6+
cxd6 39. c7 Rba8 40. d8=Q 1-0

[Event "Olympiad Women 2024"]
[Site "Budapest HUN"]
[Date "2024.09.18"]
[Round "7.5"]
[White "Mkrtchian, Lilit"]
[Black "Tokhirjonova, Gulrukhbegim"]
[Result "1-0"]
[WhiteElo "2366"]
[BlackElo "2380"]
[ECO "B13"]
[Opening "Caro-Kann"]
[Variation "Panov-Botvinnik attack"]
[TimeControl "40/5400+30:1800+30"]
[EventDate "2024.09.11"]
[Board "1"]
[WhiteFideId "13300601"]
[BlackFideId "14203626"]
[WhiteTeam "Armenia"]
[BlackTeam "United States of America"]

1. c4 c6 2. e4 d5 3. exd5 cxd5 4. d4 Nf6 5. Nf3 Nc6 6. h3 a6 7. Nc3 e6 8.
c5 Ne4 9. Bd3 Nxc3 10. bxc3 e5 11. dxe5 Bxc5 12. O-O h6 13. Re1 Be6 14. Be3
Bxe3 15. Rxe3 O-O 16. Bc2 Rc8 17. h4 Re8 18. h5 Kf8 19. Qd3 Ke7 20. Rd1 Qa5
21. Bb3 Rcd8 22. Nd4 Nxd4 23. Qxd4 Kf8 24. Rg3 Rc8 25. Qd3 Rc5 26. Qh7 Ke7
27. Qxg7 Kd7 28. Qxh6 Kc8 29. Qe3 Kb8 30. h6 Rh8 31. Rd4 Qd8 32. Rf4 Rc8
33. Rf6 Qc7 34. Qd4 Qa5 35. f4 Qa3 36. f5 Bd7 37. Qf4 Ka8 38. Rxf7 Bc6 39.
h7 d4 40. cxd4 Qb2 41. Rfg7 Qb1+ 42. Kh2 Be4 43. R3g5 Qe1 44. Rg4 Bc6 45.
d5 Bb5 46. Qg3 Qb1 47. Qf2 Qa1 48. Qd4 Qe1 49. Re4 Qf1 50. a4 Bd3 51. Rf4
Qe2 52. d6 Bc2 53. Bd5 Rb8 54. Qb6 Qh5+ 55. Kg3 1-0

[Event "Olympiad Women 2024"]
[Site "Budapest HUN"]
[Date "2024.09.18"]
[Round "7.5"]
[White "Yip, Carissa"]
[Black "Mkrtchyan, Mariam"]
[Result "1-0"]
[WhiteElo "2386"]
[BlackElo "2328"]
[ECO "C50"]
[Opening "Giuoco Pianissimo"]
[TimeControl "40/5400+30:1800+30"]
[EventDate "2024.09.11"]
[Board "2"]
[WhiteFideId "2090732"]
[BlackFideId "13310828"]
[WhiteTeam "United States of America"]
[BlackTeam "Armenia"]

1. e4 e5 2. Nf3 Nc6 3. Bc4 Nf6 4. d3 Bc5 5. c3 d6 6. Bg5 h6 7. Bh4 g5 8.
Bg3 a5 9. a3 Bb6 10. Nbd2 Nh7 11. Bb5 h5 12. h3 h4 13. Bh2 Bd7 14. Nc4 Ne7
15. Bxd7+ Qxd7 16. d4 f6 17. Nxb6 cxb6 18. Nd2 b5 19. a4 bxa4 20. Nc4 Nc8
21. Rxa4 b6 22. Ra1 Nf8 23. O-O Ng6 24. Ne3 Nce7 25. Qb3 b5 26. Rad1 Rf8
27. Ng4 a4 28. Qa2 Nc6 29. dxe5 Ngxe5 30. Ne3 Na5 31. Nf5 Ra6 32. Rd5 Rb6
33. Kh1 Nac4 34. f3 Kd8 35. Bg1 Rb7 36. Rfd1 Kc7 37. Nxd6 Nxd6 38. Rxd6
Qxd6 39. Rxd6 Kxd6 40. Qd5+ 1-0

[Event "Olympiad Women 2024"]
[Site "Budapest HUN"]
[Date "2024.09.18"]
[Round "7.5"]
[White "Danielian, Elina"]
[Black "Krush, Irina"]
[Result "1-0"]
[WhiteElo "2393"]
[BlackElo "2396"]
[ECO "E61"]
[Opening "King's Indian defence, 3.Nc3"]
[TimeControl "40/5400+30:1800+30"]
[EventDate "2024.09.11"]
[Board "3"]
[WhiteFideId "13300210"]
[BlackFideId "2012782"]
[WhiteTeam "Armenia"]
[BlackTeam "United States of America"]

1. d4 Nf6 2. c4 g6 3. Nc3 Bg7 4. Nf3 O-O 5. Bg5 c5 6. d5 h6 7. Bh4 d6 8. e3
g5 9. Bg3 Nh5 10. Nd2 Nxg3 11. hxg3 f5 12. Bd3 e6 13. g4 fxg4 14. Qxg4 exd5
15. Qh5 Qf6 16. Nxd5 Qxf2+ 17. Kd1 Qf7 18. Qxf7+ Rxf7 19. Bg6 Bg4+ 20. Kc2
Nc6 21. Bxf7+ Kxf7 22. Raf1+ Kg6 23. Rf2 Rf8 24. Rxf8 Bxf8 25. Rf1 Bg7 26.
a3 Bf5+ 27. e4 Be6 28. Nf3 h5 29. Ne3 g4 30. Nh4+ Kg5 31. Nhf5 Be5 32. g3
Nd4+ 33. Kd3 a5 34. b4 axb4 35. axb4 b6 36. Nxd4 cxd4 37. Nf5 Bxf5 38.
Rxf5+ Kg6 39. c5 bxc5 40. bxc5 Bxg3 41. c6 d5 42. e5 Kxf5 43. c7 Bxe5 44.
c8=Q+ Kf4 45. Qf8+ Kg3 46. Qf5 Bf4 47. Qxh5 Be3 48. Qf5 Bf2 49. Ke2 Be3 50.
Kf1 Bf4 51. Qxd5 Be3 52. Qe4 Kh3 53. Qe5 1-0